[Event "FIDE Women World Rapid 2024"]
[Site "New York"]
[Date "2024.12.27"]
[Round "5.19"]
[White "Melekhina, Alisa"]
[Black "Foisor, Sabina-Francesca"]
[Result "0-1"]
[ECO "B10"]
[WhiteElo "2176"]
[BlackElo "2222"]
[Annotator "ChessBase"]
[PlyCount "123"]
[EventDate "2024.12.14"]
[EventType "swiss"]
[EventCountry "USA"]
[SourceTitle "playchess.com"]
[Source "ChessBase"]
[SourceQuality "1"]
[TimeControl "900+10"]

1. e4 c6 2. d3 d5 3. Nd2 g6 4. Ngf3 Bg7 5. g3 e5 6. Bg2 Ne7 7. O-O Qc7 8. b3 d4 9. a4 O-O 10. Ba3 c5 11. Nc4 b6 12. Nh4 Bb7 13. Bc1 f5 14. f4 fxe4 15. dxe4 Nbc6 16. Qg4 Kh8 17. f5 gxf5 18. exf5 Bf6 19. Bg5 Ng8 20. Qh5 Qf7 21. Bxf6+ Nxf6 22. Qxf7 Rxf7 23. Nd6 Rd7 24. Nxb7 e4 25. g4 h6 26. Ng6+ Kg7 27. h4 Re8 28. Nf4 Rxb7 29. g5 hxg5 30. hxg5 Ng4 31. Ne6+ Rxe6 32. fxe6 Re7 33. Bxe4 Nd8 34. Rf4 Ne3 35. Rh4 Rxe6 36. Bd3 Re5 37. g6 Ne6 38. Kh2 Ng5 39. Kg3 Re8 40. Rah1 Rf8 41. Rf4 Re8 42. Rh5 Re5 43. Rg4 Ne4+ 44. Rxe4 Rxh5 45. Re7+ Kf6 46. Rf7+ Ke6 47. Rxa7 Rg5+ 48. Kh4 Rg2 49. Rb7 Ke5 50. Rxb6 Nf5+ 51. Bxf5 Kxf5 52. Rc6 Rxc2 53. g7 Rg2 54. Rxc5+ Kf4 55. Kh3 Rxg7 56. b4 d3 57. Rd5 Ke3 58. a5 d2 59. a6 Rg1 60. b5 Ra1 61. Kg4 Ra5 62. Rd8 0-1

[Event "FIDE Women World Rapid 2024"]
[Site "New York"]
[Date "2024.12.27"]
[Round "5.20"]
[White "Song, Yuxin"]
[Black "Peycheva, Gergana"]
[Result "1/2-1/2"]
[ECO "B31"]
[WhiteElo "2384"]
[BlackElo "2212"]
[Annotator "ChessBase"]
[PlyCount "112"]
[EventDate "2024.12.14"]
[EventType "swiss"]
[EventCountry "USA"]
[SourceTitle "playchess.com"]
[Source "ChessBase"]
[SourceQuality "1"]
[TimeControl "900+10"]

1. e4 c5 2. Nf3 Nc6 3. Bb5 g6 4. O-O Bg7 5. Re1 Nf6 6. c3 O-O 7. h3 e5 8. d4 cxd4 9. cxd4 Nxd4 10. Nxd4 exd4 11. Qxd4 d5 12. e5 Ne8 13. Nc3 Nc7 14. Ba4 Bd7 15. Bxd7 Qxd7 16. Bf4 Ne6 17. Qd2 Nxf4 18. Qxf4 Rad8 19. Rad1 d4 20. Ne4 Qc7 21. Ng5 Bh6 22. h4 d3 23. Qe3 Rfe8 24. f4 Bxg5 25. hxg5 Qc4 26. b3 Qb4 27. Rf1 b6 28. Rxd3 Rxd3 29. Qxd3 Qa3 30. Qd7 Re6 31. Qc8+ Kg7 32. Rf2 Qb4 33. Qc1 Qd4 34. Qd2 Qe4 35. Qe2 Qd4 36. Qf3 Re7 37. Qc6 Re6 38. Qc2 Re7 39. Kh2 Rc7 40. Qd2 Qe4 41. Re2 Qf5 42. e6 fxe6 43. Qd4+ Kf7 44. g4 Qxg4 45. Qf6+ Ke8 46. Qh8+ Kd7 47. Rd2+ Kc6 48. Qa8+ Kb5 49. Qe8+ Ka6 50. Qa4+ Kb7 51. Qe4+ Ka6 52. b4 Qh4+ 53. Kg2 Qg4+ 54. Kh2 Qh4+ 55. Kg2 Qg4+ 56. Kf2 Qh4+ 1/2-1/2

[Event "FIDE Women World Rapid 2024"]
[Site "New York"]
[Date "2024.12.27"]
[Round "5.20"]
[White "Serikbay, Assel"]
[Black "Kulon, Klaudia"]
[Result "1-0"]
[ECO "E73"]
[WhiteElo "2236"]
[BlackElo "2391"]
[Annotator "ChessBase"]
[PlyCount "87"]
[EventDate "2024.12.14"]
[EventType "swiss"]
[EventCountry "USA"]
[SourceTitle "playchess.com"]
[Source "ChessBase"]
[SourceQuality "1"]
[TimeControl "900+10"]

1. d4 Nf6 2. c4 g6 3. Nc3 Bg7 4. e4 O-O 5. Be2 d6 6. Be3 e5 7. d5 c6 8. Qd2 cxd5 9. cxd5 Nbd7 10. Nf3 Nc5 11. Qc2 Qa5 12. O-O Bd7 13. Nd2 Qc7 14. Rac1 Rfc8 15. Qb1 a5 16. Nb5 Qb8 17. f3 Ne8 18. Rc2 b6 19. Rfc1 f5 20. b3 Nf6 21. a3 Bf8 22. b4 axb4 23. axb4 Na6 24. Rxc8 Bxc8 25. Nc4 f4 26. Nxb6 Bd7 27. Nxa8 fxe3 28. Nac7 Qb6 29. Nxa6 Bxb5 30. Bxb5 Qxb5 31. Nc7 Qb6 32. Ne6 e2+ 33. Kh1 Bh6 34. Rc8+ Kf7 35. Qe1 Qa6 36. Rc7+ Kg8 37. Rc2 Be3 38. Rxe2 Bb6 39. Rc2 h5 40. Qc1 Ne8 41. h4 Kf7 42. Kh2 Qd3 43. Qh6 Qxc2 44. Qf8# 1-0

[Event "FIDE Women World Rapid 2024"]
[Site "New York"]
[Date "2024.12.27"]
[Round "5.21"]
[White "Zhu, Chen"]
[Black "Sliwicka, Alicja"]
[Result "1-0"]
[ECO "D37"]
[WhiteElo "2423"]
[BlackElo "2346"]
[Annotator "ChessBase"]
[PlyCount "99"]
[EventDate "2024.12.14"]
[EventType "swiss"]
[EventCountry "USA"]
[SourceTitle "playchess.com"]
[Source "ChessBase"]
[SourceQuality "1"]
[TimeControl "900+10"]

1. d4 Nf6 2. c4 e6 3. Nf3 d5 4. e3 a6 5. a3 Nbd7 6. Nc3 b6 7. b3 Bb7 8. Bb2 Bd6 9. Bd3 O-O 10. cxd5 exd5 11. Ne2 Ne4 12. Ng3 f5 13. Ne5 Bxe5 14. dxe5 Qh4 15. Qh5 Qxh5 16. Nxh5 Rae8 17. f4 Ndc5 18. Bc2 Re6 19. b4 Nd7 20. Ng3 Nxg3 21. hxg3 g6 22. Rc1 Rc8 23. g4 fxg4 24. Rh4 Rf8 25. Rxg4 Bc8 26. Bb3 Nf6 27. Rg3 Nh5 28. Rf3 c6 29. Bd4 b5 30. g4 Ng7 31. Rf2 Bd7 32. Rfc2 Rd8 33. Rg2 Kf8 34. Kd2 Ra8 35. Rf1 Ree8 36. f5 gxf5 37. gxf5 Nxf5 38. Bc2 Ke7 39. Bxf5 Bxf5 40. Rxf5 Rg8 41. Rxg8 Rxg8 42. Rh5 Rg2+ 43. Kc3 Rg7 44. Rh6 Rg1 45. Rxh7+ Ke6 46. Ra7 Rc1+ 47. Kd2 Rb1 48. Rxa6 Kf5 49. Rxc6 Ke4 50. e6 1-0

[Event "FIDE Women World Rapid 2024"]
[Site "New York"]
[Date "2024.12.27"]
[Round "5.21"]
[White "Munkhzul, Davaakhuu"]
[Black "Wu, Rochelle"]
[Result "1/2-1/2"]
[ECO "B33"]
[WhiteElo "2138"]
[BlackElo "2237"]
[Annotator "ChessBase"]
[PlyCount "44"]
[EventDate "2024.12.14"]
[EventType "swiss"]
[EventCountry "USA"]
[SourceTitle "playchess.com"]
[Source "ChessBase"]
[SourceQuality "1"]
[TimeControl "900+10"]

1. e4 c5 2. Nf3 d6 3. d4 cxd4 4. Nxd4 Nf6 5. Nc3 Nc6 6. Nxc6 bxc6 7. Be3 e5 8. Bc4 Be7 9. O-O O-O 10. Qd2 Be6 11. Bxe6 fxe6 12. Bg5 d5 13. exd5 exd5 14. Rfe1 Qc7 15. Bxf6 Bxf6 16. Na4 e4 17. c3 Rae8 18. Nc5 Qf7 19. Re2 Re7 20. Ree1 Ree8 21. Re2 Re7 22. Ree1 Ree8 1/2-1/2

[Event "FIDE Women World Rapid 2024"]
[Site "New York"]
[Date "2024.12.27"]
[Round "5.22"]
[White "Balajayeva, Khanim"]
[Black "Guichard, Pauline"]
[Result "1/2-1/2"]
[ECO "B13"]
[WhiteElo "2362"]
[BlackElo "2357"]
[Annotator "ChessBase"]
[PlyCount "74"]
[EventDate "2024.12.14"]
[EventType "swiss"]
[EventCountry "USA"]
[SourceTitle "playchess.com"]
[Source "ChessBase"]
[SourceQuality "1"]
[TimeControl "900+10"]

1. e4 c6 2. d4 d5 3. exd5 cxd5 4. Bd3 Nc6 5. c3 Nf6 6. Bf4 Bg4 7. Qb3 Qd7 8. Nd2 e6 9. Ngf3 Bd6 10. Bxd6 Qxd6 11. O-O O-O 12. Rfe1 Ne7 13. Ne5 Bf5 14. Bxf5 Nxf5 15. Nf1 h5 16. Ne3 Nxe3 17. Rxe3 Ng4 18. Nxg4 hxg4 19. Rae1 Rae8 20. Qd1 f5 21. Re5 Rf6 22. Qa4 Ra8 23. Qb5 b6 24. c4 a6 25. Qb3 dxc4 26. Qxc4 b5 27. Qb3 Rc8 28. Rxe6 Rxe6 29. Rxe6 Kh7 30. Re1 Qxd4 31. Qf7 Qe5 32. Kf1 Qf6 33. Qh5+ Kg8 34. Re8+ Rxe8 35. Qxe8+ Kh7 36. Qh5+ Kg8 37. Qe8+ Kh7 1/2-1/2

[Event "FIDE Women World Rapid 2024"]
[Site "New York"]
[Date "2024.12.27"]
[Round "5.22"]
[White "Krasteva, Beloslava"]
[Black "Noshin, Anjum"]
[Result "1-0"]
[ECO "D10"]
[WhiteElo "2281"]
[BlackElo "2029"]
[Annotator "ChessBase"]
[PlyCount "89"]
[EventDate "2024.12.14"]
[EventType "swiss"]
[EventCountry "USA"]
[SourceTitle "playchess.com"]
[Source "ChessBase"]
[SourceQuality "1"]
[TimeControl "900+10"]

1. d4 d5 2. c4 c6 3. cxd5 cxd5 4. Bf4 Nc6 5. e3 Nf6 6. Bd3 a6 7. h3 Qb6 8. Nc3 e6 9. Nge2 Bd7 10. O-O Be7 11. a3 Rc8 12. b4 Na7 13. Na4 Bxa4 14. Qxa4+ Nb5 15. Rfc1 O-O 16. Qb3 Bd6 17. a4 Na7 18. Bxd6 Qxd6 19. b5 g6 20. bxa6 bxa6 21. Qb7 Qd7 22. Qxd7 Nxd7 23. Bxa6 Rxc1+ 24. Rxc1 Nb8 25. Bb7 Nd7 26. Rc7 Nb6 27. Bxd5 exd5 28. Rxa7 Rb8 29. Nf4 Rc8 30. a5 Rc1+ 31. Kh2 Nc4 32. Nxd5 Nd2 33. Kg3 Nf1+ 34. Kf3 Nd2+ 35. Ke2 Nb3 36. a6 Rc2+ 37. Kd3 Rxf2 38. Rd7 Nc1+ 39. Kc3 Na2+ 40. Kd3 Nc1+ 41. Ke4 f5+ 42. Ke5 Nd3+ 43. Ke6 Ra2 44. Nf6+ Kf8 45. Rf7# 1-0

[Event "FIDE Women World Rapid 2024"]
[Site "New York"]
[Date "2024.12.27"]
[Round "5.23"]
[White "Kiolbasa, Oliwia"]
[Black "Zhao, Xue"]
[Result "0-1"]
[ECO "B01"]
[WhiteElo "2371"]
[BlackElo "2442"]
[Annotator "ChessBase"]
[PlyCount "92"]
[EventDate "2024.12.14"]
[EventType "swiss"]
[EventCountry "USA"]
[SourceTitle "playchess.com"]
[Source "ChessBase"]
[SourceQuality "1"]
[TimeControl "900+10"]

1. e4 d5 2. exd5 Qxd5 3. Nc3 Qa5 4. d4 Nf6 5. Nf3 Bf5 6. Ne5 c6 7. Bc4 e6 8. g4 Bg6 9. O-O Nbd7 10. f4 O-O-O 11. Qe2 Nxe5 12. fxe5 Ne8 13. Be3 h5 14. g5 Bf5 15. Rxf5 exf5 16. Bxf7 Nc7 17. a3 Be7 18. Rf1 Qb6 19. Na4 Qa5 20. Bb3 f4 21. Bd2 Qb5 22. Qe4 Rhf8 23. Rxf4 Bxg5 24. Nc3 Qa6 25. Ne2 Bxf4 26. Bxf4 Nd5 27. Bg5 Qa5 28. c3 Rde8 29. Ng3 Qb6 30. Bxd5 cxd5 31. Qxd5 Qxb2 32. Qc5+ Kb8 33. d5 h4 34. Be3 Qb6 35. Qxb6 axb6 36. Ne2 Rxe5 37. Bf4 Rxf4 38. Nxf4 g5 39. Ne6 Rxd5 40. Kg2 Re5 41. Nd4 Re3 42. Nb5 Kc8 43. Kf2 Rd3 44. a4 Kd7 45. Nd4 g4 46. Nf5 Rf3+ 0-1

[Event "FIDE Women World Rapid 2024"]
[Site "New York"]
[Date "2024.12.27"]
[Round "5.23"]
[White "Stanford, Sheila Barth"]
[Black "Durrfeld, Sofie Bech"]
[Result "1/2-1/2"]
[ECO "B27"]
[WhiteElo "2198"]
[BlackElo "1952"]
[Annotator "ChessBase"]
[PlyCount "206"]
[EventDate "2024.12.14"]
[EventType "swiss"]
[EventCountry "USA"]
[SourceTitle "playchess.com"]
[Source "ChessBase"]
[SourceQuality "1"]
[TimeControl "900+10"]

1. e4 c5 2. Nf3 g6 3. c3 Nf6 4. e5 Nd5 5. Qb3 Nb6 6. d4 cxd4 7. cxd4 Bg7 8. a4 a5 9. Bd3 Nc6 10. O-O O-O 11. Be3 Nb4 12. Be4 d6 13. Nc3 dxe5 14. dxe5 Be6 15. Qd1 Qxd1 16. Nxd1 N6d5 17. Bd4 Rac8 18. Nc3 Rfd8 19. Rfd1 h6 20. h3 Rd7 21. Nxd5 Nxd5 22. Rac1 Rcd8 23. Bc5 Nf4 24. Rxd7 Rxd7 25. Kh2 Nd3 26. Bxd3 Rxd3 27. Bxe7 Rb3 28. Rc2 Bf5 29. Re2 Bd7 30. Bd6 Bxa4 31. Rd2 Bc6 32. Nd4 Rb6 33. f4 a4 34. Bc5 Ra6 35. Nc2 Ra8 36. Nb4 Bb5 37. Nd5 g5 38. g3 Kh7 39. Be7 gxf4 40. gxf4 Rc8 41. Nc3 Bc6 42. Rd4 Ra8 43. Bd6 h5 44. f5 a3 45. f6 a2 46. Nxa2 Rxa2 47. fxg7 Rxb2+ 48. Kg3 Kxg7 49. Kh4 Kg6 50. Rd3 Rg2 51. Rb3 b5 52. Rb4 Rf2 53. Kg3 Rf3+ 54. Kh4 Bd7 55. e6 Bxe6 56. Bg3 Bc4 57. Rb2 Re3 58. Bf4 Re4 59. Kg3 h4+ 60. Kf3 Rd4 61. Rg2+ Kf5 62. Rg5+ Ke6 63. Re5+ Kd7 64. Be3 Rd3 65. Ke4 Rd1 66. Rh5 b4 67. Bd4 b3 68. Rh8 Rd3 69. Rb8 Rxh3 70. Rb7+ Ke6 71. Rb6+ Ke7 72. Bf6+ Kd7 73. Kd4 Be6 74. Kc5 Rh1 75. Bg5 Rh2 76. Rd6+ Kc8 77. Rc6+ Kb7 78. Rb6+ Ka7 79. Rb4 Rc2+ 80. Kd6 b2 81. Bxh4 Rd2+ 82. Kc6 Rc2+ 83. Kd6 Bf5 84. Bf6 Rd2+ 85. Kc6 Rc2+ 86. Kb5 Bd7+ 87. Ka5 b1=Q 88. Rxb1 Ra2+ 89. Kb4 Ra6 90. Bd4+ Kb7 91. Kc5+ Kc8 92. Be5 Be6 93. Rb8+ Kd7 94. Rb7+ Ke8 95. Rb8+ Ke7 96. Rb7+ Bd7 97. Rb6 Ra5+ 98. Kd4 Be6 99. Rb7+ Bd7 100. Rb6 Ra4+ 101. Ke3 Rc4 102. Bf6+ Ke8 103. Rd6 Rc6 1/2-1/2

[Event "FIDE Women World Rapid 2024"]
[Site "New York"]
[Date "2024.12.27"]
[Round "5.24"]
[White "Huang, Qian"]
[Black "Toncheva, Nadya"]
[Result "1-0"]
[ECO "A37"]
[WhiteElo "2370"]
[BlackElo "2298"]
[Annotator "ChessBase"]
[PlyCount "99"]
[EventDate "2024.12.14"]
[EventType "swiss"]
[EventCountry "USA"]
[SourceTitle "playchess.com"]
[Source "ChessBase"]
[SourceQuality "1"]
[TimeControl "900+10"]

1. c4 c5 2. Nf3 g6 3. g3 Bg7 4. Bg2 Nc6 5. Nc3 e6 6. O-O Nge7 7. d3 O-O 8. Bd2 d5 9. cxd5 exd5 10. Rc1 h6 11. a3 Bg4 12. h3 Be6 13. Kh2 Qd7 14. Na4 b6 15. b4 cxb4 16. axb4 Rac8 17. b5 Nd8 18. Rxc8 Nxc8 19. Qb3 Nd6 20. Rb1 Re8 21. Qb4 Bf5 22. Nd4 Ne6 23. Nxf5 Nxf5 24. Nc3 Nc7 25. Bf4 Bxc3 26. Qxc3 Nxb5 27. Qf6 Re6 28. Qb2 a6 29. e4 dxe4 30. dxe4 Ne7 31. Bxh6 Qd4 32. Be3 Qxb2 33. Rxb2 Nc8 34. Rc2 Nca7 35. f4 a5 36. e5 Na3 37. Rc1 a4 38. Bd5 Re7 39. Bxb6 N7b5 40. Rc8+ Kh7 41. Bd8 Re8 42. Bxf7 Rf8 43. Be6 Nc2 44. Rb8 Ncd4 45. Rb7+ Kh8 46. Bf6+ Rxf6 47. exf6 a3 48. Rb8+ Kh7 49. Bg8+ Kh6 50. Bc4 1-0

[Event "FIDE Women World Rapid 2024"]
[Site "New York"]
[Date "2024.12.27"]
[Round "5.24"]
[White "Derlich, Sarah Sima"]
[Black "Mamedjarova, Zeinab"]
[Result "0-1"]
[ECO "B01"]
[WhiteElo "1861"]
[BlackElo "2145"]
[Annotator "NA"]
[PlyCount "24"]
[EventDate "2024.12.14"]
[EventType "swiss"]
[EventCountry "USA"]
[SourceTitle "playchess.com"]
[Source "ChessBase"]
[SourceQuality "1"]
[TimeControl "900+10"]

1. e4 d5 2. exd5 Qxd5 3. Nc3 Qd8 4. d4 Nf6 5. Nf3 Bg4 6. h3 Bxf3 7. Qxf3 c6 8. Be3 e6 9. a3 Qa5 10. O-O-O Bxa3 11. Bc4 Qxc3 12. bxa3 Qxc4 0-1

[Event "FIDE Women World Rapid 2024"]
[Site "New York"]
[Date "2024.12.27"]
[Round "5.25"]
[White "Divya Deshmukh"]
[Black "Mungunzul, Bat-Erdene"]
[Result "1-0"]
[ECO "D02"]
[WhiteElo "2490"]
[BlackElo "2268"]
[Annotator "ChessBase"]
[PlyCount "109"]
[EventDate "2024.12.14"]
[EventType "swiss"]
[EventCountry "USA"]
[SourceTitle "playchess.com"]
[Source "ChessBase"]
[SourceQuality "1"]
[TimeControl "900+10"]

1. d4 d5 2. Nf3 Nf6 3. g3 Bf5 4. Nh4 Be4 5. f3 Bg6 6. c4 c6 7. Nxg6 hxg6 8. Qb3 Qb6 9. Nc3 dxc4 10. Qxc4 Nbd7 11. Bg2 e5 12. Be3 exd4 13. Bxd4 Bc5 14. Na4 Qb4+ 15. Qxb4 Bxb4+ 16. Kf2 Ke7 17. h4 Bd6 18. Nc3 Bc5 19. Rhd1 Rad8 20. Bxc5+ Nxc5 21. b4 Ne6 22. a4 Rxd1 23. Rxd1 Rd8 24. Rxd8 Kxd8 25. e4 Nd4 26. Bf1 Nd7 27. f4 a6 28. Bd3 c5 29. b5 axb5 30. axb5 Nb6 31. Ke3 Ke7 32. g4 Ne6 33. e5 Nc7 34. Be4 Nc4+ 35. Kd3 Na3 36. b6 c4+ 37. Kd2 Ne6 38. Bxb7 Nxf4 39. Bc6 Kd8 40. Ke3 Ne6 41. Ke4 Kc8 42. Kd5 Nd8 43. Kd6 Nc2 44. Bf3 Nd4 45. Bd5 Nc2 46. Bxc4 Kb7 47. Na4 Ne3 48. Be2 Kb8 49. Nc5 Nb7+ 50. Nxb7 Kxb7 51. Ke7 f5 52. exf6 Nd5+ 53. Kf7 Nxf6 54. Kxg7 Nd7 55. Kxg6 1-0

[Event "FIDE Women World Rapid 2024"]
[Site "New York"]
[Date "2024.12.27"]
[Round "5.25"]
[White "Nurgaliyeva, Zarina"]
[Black "Castillo Beitia, Ashley Alexandra"]
[Result "1-0"]
[ECO "B55"]
[WhiteElo "2263"]
[BlackElo "2009"]
[Annotator "ChessBase"]
[PlyCount "103"]
[EventDate "2024.12.14"]
[EventType "swiss"]
[EventCountry "USA"]
[SourceTitle "playchess.com"]
[Source "ChessBase"]
[SourceQuality "1"]
[TimeControl "900+10"]

1. e4 c5 2. Nf3 d6 3. d4 cxd4 4. Nxd4 Nf6 5. Bd3 g6 6. c4 Bg7 7. Nc3 Nc6 8. Nde2 Ne5 9. h3 O-O 10. O-O Be6 11. b3 Nxd3 12. Qxd3 a5 13. Be3 Nd7 14. Rad1 Ne5 15. Qc2 Rc8 16. c5 Qc7 17. f4 Nc6 18. cxd6 exd6 19. Nb5 Qb8 20. Qd2 Nb4 21. Nbd4 d5 22. f5 Bd7 23. Bh6 f6 24. Bxg7 Kxg7 25. a3 Nc6 26. exd5 Nxd4 27. Nxd4 Qe5 28. fxg6 hxg6 29. Rde1 Qd6 30. Ne6+ Bxe6 31. Rxe6 Qxa3 32. d6 Qxb3 33. Re7+ Rf7 34. d7 Rd8 35. Rfe1 Qb4 36. Rxf7+ Kxf7 37. Qd5+ Kg7 38. Re8 Qb6+ 39. Kh1 Qc7 40. Re7+ Kh6 41. Qd2+ g5 42. h4 Qf4 43. Qd3 Qc1+ 44. Kh2 Qf4+ 45. g3 Qf2+ 46. Kh3 g4+ 47. Kxg4 Rg8+ 48. Kh3 f5 49. Re6+ Kh7 50. Rf6 Rg7 51. d8=Q Qg1 52. Qxf5+ 1-0

[Event "FIDE Women World Rapid 2024"]
[Site "New York"]
[Date "2024.12.27"]
[Round "5.26"]
[White "Priyanka Nutakki"]
[Black "Narva, Mai"]
[Result "1-0"]
[ECO "D04"]
[WhiteElo "2296"]
[BlackElo "2413"]
[Annotator "ChessBase"]
[PlyCount "71"]
[EventDate "2024.12.14"]
[EventType "swiss"]
[EventCountry "USA"]
[SourceTitle "playchess.com"]
[Source "ChessBase"]
[SourceQuality "1"]
[TimeControl "900+10"]

1. Nf3 Nf6 2. b3 g6 3. Bb2 Bg7 4. d4 c5 5. e3 cxd4 6. Nxd4 O-O 7. Be2 d5 8. O-O Re8 9. c4 e5 10. Nf3 Nc6 11. Nc3 d4 12. exd4 e4 13. Ne1 Nxd4 14. Nc2 Nxe2+ 15. Qxe2 Qa5 16. Ne3 Qg5 17. Rfd1 Be6 18. Nb5 h5 19. Nc7 h4 20. Nxa8 Rxa8 21. Rd6 Re8 22. Rad1 h3 23. g3 Kh7 24. Bc1 Qa5 25. a3 a6 26. b4 Qa4 27. Nd5 Nxd5 28. cxd5 Bd7 29. Rb6 Bb5 30. Qg4 Kg8 31. Re1 Bc3 32. Bh6 Kh7 33. Qxh3 Bd7 34. Qh4 Qc2 35. Rc1 Qb2 36. Rxc3 1-0

[Event "FIDE Women World Rapid 2024"]
[Site "New York"]
[Date "2024.12.27"]
[Round "5.26"]
[White "Berezovsky, Fiorina"]
[Black "Sevcikova, Lucia"]
[Result "0-1"]
[ECO "A12"]
[WhiteElo "1796"]
[BlackElo "2060"]
[Annotator "NA"]
[PlyCount "151"]
[EventDate "2024.12.14"]
[EventType "swiss"]
[EventCountry "USA"]
[SourceTitle "playchess.com"]
[Source "ChessBase"]
[SourceQuality "1"]
[TimeControl "900+10"]

1. c4 c6 2. Nf3 d5 3. b3 Nf6 4. Bb2 Bf5 5. g3 e6 6. Bg2 h6 7. O-O Be7 8. d3 O-O 9. a3 a5 10. cxd5 exd5 11. Nd4 Bh7 12. Nd2 Re8 13. Re1 Nbd7 14. e4 Bf8 15. Nf5 Bxf5 16. exf5 Nc5 17. Qc2 Nfd7 18. Rxe8 Qxe8 19. Nf3 Qd8 20. d4 Ne4 21. Ne5 Nd6 22. Re1 Nf6 23. Bc1 Qb6 24. Qd3 Nb5 25. Be3 Bxa3 26. g4 Bb4 27. Re2 Nc3 28. Rc2 Nce4 29. h4 Qa6 30. Qd1 Nc3 31. Qa1 Nfe4 32. g5 hxg5 33. hxg5 a4 34. Bxe4 axb3 35. Qxa6 Rxa6 36. Rb2 dxe4 37. Rxb3 Ra1+ 38. Kg2 Nd5 39. g6 fxg6 40. fxg6 Ra3 41. Rb2 Ra7 42. Kg3 Bd6 43. Kg4 Bxe5 44. dxe5 Nxe3+ 45. fxe3 Kf8 46. Kf5 Ke7 47. Rh2 Ra8 48. Rh7 Rg8 49. Rh1 Rf8+ 50. Kxe4 Ke6 51. Rd1 Ra8 52. Rd6+ Ke7 53. Kf5 Rf8+ 54. Ke4 Rf1 55. Rd2 Rg1 56. Kf5 Rf1+ 57. Ke4 Rh1 58. Ra2 Rh4+ 59. Kf5 Rh5+ 60. Kf4 Rh4+ 61. Kg5 Re4 62. Kf5 Rxe3 63. Ra7 Rb3 64. Ra8 Rf3+ 65. Kg4 Rf8 66. Ra7 Rb8 67. Kf5 c5 68. e6 c4 69. Ra4 Rc8 70. Rb4 Rc7 71. Rb1 c3 72. Rc1 c2 73. Ke5 b5 74. Kd4 b4 75. Kd3 b3 76. Kd2 0-1

[Event "FIDE Women World Rapid 2024"]
[Site "New York"]
[Date "2024.12.27"]
[Round "5.27"]
[White "Krush, Irina"]
[Black "Nurman, Alua"]
[Result "1/2-1/2"]
[ECO "E90"]
[WhiteElo "2378"]
[BlackElo "2330"]
[Annotator "ChessBase"]
[PlyCount "161"]
[EventDate "2024.12.14"]
[EventType "swiss"]
[EventCountry "USA"]
[SourceTitle "playchess.com"]
[Source "ChessBase"]
[SourceQuality "1"]
[TimeControl "900+10"]

1. d4 Nf6 2. c4 g6 3. Nc3 Bg7 4. e4 d6 5. h3 O-O 6. Be3 c6 7. Nf3 Na6 8. Be2 e5 9. d5 Nh5 10. O-O Nf4 11. Re1 c5 12. Bf1 f5 13. exf5 Rxf5 14. Ne4 Rf8 15. a3 Bf5 16. Ng3 Bd7 17. Kh2 b5 18. b3 b4 19. a4 Nc7 20. Ra2 Ne8 21. Ne4 h6 22. g3 Nh5 23. Nh4 Nhf6 24. Bd3 Nxe4 25. Bxe4 g5 26. Nf3 Bf5 27. Bxf5 Rxf5 28. Nd2 Qd7 29. Ne4 Nf6 30. Nxf6+ Rxf6 31. Qg4 Qf7 32. h4 h5 33. Qe4 g4 34. Kg2 Rf8 35. Ree2 Rf5 36. Kg1 Rf3 37. Kg2 Qe8 38. Kg1 R8f5 39. Kg2 Qf7 40. Kg1 Qg6 41. Kg2 Bh6 42. Rab2 Bg7 43. Rbc2 Qf7 44. Ra2 Kh7 45. Rac2 Qg6 46. Ra2 Bh6 47. Rab2 Bxe3 48. Rxe3 Rxe3 49. Qxe3 Rf3 50. Qc1 a5 51. Kg1 Qf5 52. Qd2 e4 53. Qc2 Rd3 54. Qe2 Qf3 55. Rd2 Rxb3 56. Qe1 Rc3 57. Re2 Rxc4 58. Re3 Qf5 59. Qf1 Rc2 60. Re2 b3 61. Rxc2 bxc2 62. Qc1 Qxd5 63. Qxc2 c4 64. Qc1 Qf7 65. Qd2 d5 66. Qxa5 Qb7 67. Qc5 e3 68. Qxe3 Qb1+ 69. Kh2 Qe4 70. Qa7+ Kg6 71. Qb6+ Kf5 72. a5 c3 73. Qc7 c2 74. a6 Qe2 75. Qf4+ Kg6 76. Qg5+ Kh7 77. Qxh5+ Kg7 78. Qg5+ Kh7 79. Qh5+ Kg7 80. Qg5+ Kh7 81. Qh5+ 1/2-1/2

[Event "FIDE Women World Rapid 2024"]
[Site "New York"]
[Date "2024.12.27"]
[Round "5.27"]
[White "Cervantes Landeiro, Thalia"]
[Black "Machlik, Monika"]
[Result "1/2-1/2"]
[ECO "D02"]
[WhiteElo "2307"]
[BlackElo "2107"]
[Annotator "ChessBase"]
[PlyCount "183"]
[EventDate "2024.12.14"]
[EventType "swiss"]
[EventCountry "USA"]
[SourceTitle "playchess.com"]
[Source "ChessBase"]
[SourceQuality "1"]
[TimeControl "900+10"]

1. d4 Nf6 2. Nf3 e6 3. Bf4 c5 4. e3 Nc6 5. Nbd2 d5 6. c3 Nh5 7. Bg5 Qb6 8. Rb1 h6 9. Bh4 g5 10. Bg3 Nxg3 11. hxg3 Bg7 12. Bd3 g4 13. Nh4 h5 14. O-O cxd4 15. exd4 Bd7 16. b4 O-O-O 17. a4 Kb8 18. Nb3 Rc8 19. Nc5 Qd8 20. b5 Na5 21. b6 axb6 22. Rxb6 Bc6 23. Qb1 Bf8 24. Qb4 Bxc5 25. dxc5 Nc4 26. Bxc4 dxc4 27. Rb1 Qe7 28. a5 Rhd8 29. a6 Rd7 30. axb7 Rxb7 31. Qxc4 Rcc7 32. Qa6 Qxc5 33. c4 Be4 34. R1b4 Rxb6 35. Rxb6+ Rb7 36. Rd6 Kc7 37. Rd1 Qb6 38. Qa3 Qb4 39. Qe3 Bc6 40. Qe5+ Kb6 41. Qd4+ Ka5 42. Ra1+ Ba4 43. Qd8+ Qb6 44. Qa8+ Qa7 45. Qe8 Rd7 46. Qf8 Qd4 47. Rc1 Qb6 48. Qh8 Qd4 49. Qxh5+ e5 50. Qh8 Qc5 51. Qa8+ Ra7 52. Qb8 Qc7 53. Qb2 Rb7 54. Qc3+ Rb4 55. Rb1 Qxc4 56. Qxe5+ Rb5 57. Qe1+ Ka6 58. Rc1 Qd5 59. Ra1 Ra5 60. Qb4 Bd7 61. Rb1 Rb5 62. Qa3+ Kb6 63. Qe3+ Qc5 64. Qh6+ Qc6 65. Qe3+ Qc5 66. Qh6+ Qc6 67. Rxb5+ Kxb5 68. Qh5+ Ka6 69. Qxf7 Be6 70. Qf6 Qc1+ 71. Kh2 Qc4 72. Ng6 Kb5 73. Nf4 Bg8 74. Qg5+ Ka4 75. Qxg4 Ka3 76. Qf3+ Ka4 77. Qd3 Qf7 78. Qe4+ Kb3 79. g4 Qg7 80. Qf3+ Ka2 81. Nh5 Qc7+ 82. Qg3 Qd8 83. g5 Qf8 84. Nf6 Be6 85. Qe5 Qh8+ 86. Kg1 Bb3 87. Qa5+ Kb2 88. Qd2+ Ka3 89. Qd6+ Kb2 90. g6 Qh6 91. Ng4 Qh4 92. Qf6+ 1/2-1/2

[Event "FIDE Women World Rapid 2024"]
[Site "New York"]
[Date "2024.12.27"]
[Round "5.28"]
[White "Naisanga Sheba Valentine"]
[Black "Berezovska, Svetlana"]
[Result "1-0"]
[ECO "E02"]
[WhiteElo "1625"]
[BlackElo "1857"]
[Annotator "NA"]
[PlyCount "121"]
[EventDate "2024.12.14"]
[EventType "swiss"]
[EventCountry "USA"]
[SourceTitle "playchess.com"]
[Source "ChessBase"]
[SourceQuality "1"]
[TimeControl "900+10"]

1. d4 Nf6 2. c4 e6 3. g3 d5 4. Bg2 Be7 5. Nf3 dxc4 6. Qa4+ Bd7 7. Qxc4 Bc6 8. O-O O-O 9. Rd1 Nbd7 10. Nc3 Nb6 11. Qb3 a5 12. Qc2 h6 13. e4 a4 14. Ne5 a3 15. Nxc6 bxc6 16. b3 Bb4 17. Bf4 Qe7 18. Rac1 Ra5 19. Ne2 c5 20. dxc5 Rxc5 21. Qd3 e5 22. Rc2 Rb5 23. Rcc1 Rc5 24. Rxc5 Bxc5 25. Be3 Bxe3 26. Qxe3 Rd8 27. Rd2 Rd7 28. Nc3 Qd8 29. Rxd7 Qxd7 30. Bf1 Nc8 31. Qd3 Qxd3 32. Bxd3 Nd6 33. f3 Kf8 34. Nb1 Nd7 35. Nxa3 Nc5 36. Be2 Ke7 37. Nc4 f6 38. Kf2 Ne6 39. Nxd6 Kxd6 40. a4 Kc5 41. a5 Nd4 42. a6 Kb6 43. Bc4 c5 44. f4 Nc6 45. Ke3 Nd4 46. Kd3 Nf3 47. h4 Ne1+ 48. Ke2 Nc2 49. fxe5 Nd4+ 50. Kd3 fxe5 51. g4 Nc6 52. h5 Nb4+ 53. Kc3 Nxa6 54. Bxa6 Kxa6 55. Kc4 Kb6 56. Kd5 Kb5 57. Kxe5 Kb4 58. Kd5 Kb5 59. e5 Kb6 60. Kd6 Kb5 61. e6 1-0